 Dungeon Crawl Stone Soup version 0.22.1-5-g62c59d9 (console) character file.

8724 erker the Cleaver (level 11, 0/96 HPs)
             Began as a Deep Dwarf Fighter on Jan 13, 2019.
             Was a Priest of Makhleb.
             Splashed by an oklob plant's acid (12 damage)
             ... on level 1 of the Lair of Beasts.
             The game lasted 00:55:35 (7831 turns).

erker the Cleaver (Deep Dwarf Fighter)              Turns: 7831, Time: 00:55:35

Health: 0/96       AC: 13    Str: 22    XL:     11   Next: 13%
Magic:  14/14      EV: 13    Int: 10    God:    Makhleb [***...]
Gold:   785        SH:  3    Dex: 12    Spells: 10/10 levels left

rFire    + . .     SeeInvis .   b - +6 arbalest "Damnation" {damnation}
rCold    . . .     Gourm    .   (shield currently unavailable)
rNeg     . . .     Faith    .   u - +2 ring mail {rF+}
rPois    .         Spirit   .   l - +2 helmet
rElec    .         Reflect  +   (no cloak)
rCorr    .         Harm     .   h - +0 pair of gloves {archery}
MR       ++...                  (no boots)
Stlth    ..........             p - +3 amulet of reflection
HPRegen  0.00/turn              D - ring of attention (curse)
MPRegen  0.14/turn              y - ring of protection from magic

@: non-regenerating
A: damage resistance, heal wounds, talons 1, sense surroundings 2, MP-powered
wands, no regeneration
a: Heal Wounds, Minor Destruction, Lesser Servant of Makhleb, Renounce Religion


You were on level 1 of the Lair of Beasts.
You worshipped Makhleb.
Makhleb was most pleased with you.
You were hungry.

You visited 3 branches of the dungeon, and saw 12 of its levels.

You collected 785 gold pieces.

Inventory:

Hand Weapons
 a - a +5 war axe
 b - the +6 arbalest "Damnation" (weapon) {damnation}
   (You found it on level 8 of the Dungeon)
 M - a +1 mace of protection
 P - a +0 hand crossbow
 Q - a +0 battleaxe of holy wrath
 R - a +6 blowgun
 S - a +0 war axe
 U - a +2 hand axe of flaming
 Y - a +1 war axe of chopping
Missiles
 n - 140 bolts (quivered)
 r - 83 poisoned needles
 v - 7 javelins
 B - 55 sling bullets
 C - 5 tomahawks of returning
 J - 2 needles of frenzy
Armour
 c - a +0 shield
 h - a +0 pair of gloves of archery (worn)
 k - a +0 large shield
 l - a +2 helmet (worn)
 u - a +2 ring mail of fire resistance (worn)
 L - a +0 plate armour
Jewellery
 o - an uncursed ring of positive energy
 p - a +3 amulet of reflection (around neck)
 y - a ring of protection from magic (right hand)
 D - a cursed ring of attention (left hand)
 E - an uncursed ring of stealth
 H - an uncursed ring of resist corrosion
 O - the ring "Yntuimn" {Wiz +Blink rF- Dex+4 Stlth+, unknown}
   (You found it on level 8 of the Dungeon)

   [ring of wizardry]

   It improves your spell success rate.
   It affects your dexterity (+4).
   It makes you vulnerable to fire.
   It lets you blink.
   It makes you more stealthy.
Wands
 g - a wand of flame (26)
 F - a wand of clouds (4)
 G - a wand of digging (9)
 I - a wand of iceblast (7)
 X - a wand of acid (4)
Scrolls
 e - 4 scrolls of remove curse {unknown}
 i - 2 scrolls of enchant weapon {unknown}
 j - 3 scrolls of immolation {unknown}
 m - 3 scrolls of fog {unknown}
 q - 3 scrolls of amnesia {unknown}
 w - a scroll of enchant armour {unknown}
 x - 4 scrolls of teleportation {unknown}
 z - 6 scrolls of identify
 A - a scroll of blinking {unknown}
 V - a scroll of fear {unknown}
Potions
 d - a potion of might
 s - a potion of ambrosia {unknown}
 t - a potion of experience {unknown}
 K - a potion of invisibility {unknown}
 N - 2 potions of curing {unknown}
 T - a potion of heal wounds
 W - a potion of agility {unknown}
Comestibles
 f - 27 rations
 Z - 2 chunks of flesh


   Skills:
 + Level 5.5 Fighting
 + Level 12.7 Axes
 * Level 4.7 Crossbows
 + Level 6.5 Armour
 + Level 4.1 Dodging
 + Level 7.0 Shields
 * Level 8.1 Evocations


You had 10 spell levels left.
You didn't know any spells.
Your spell library contained the following spells:

 Spells                   Type           Power        Failure   Level  Hunger
 Corona                   Hex            #......      50%         1    ##.....
 Ensorcelled Hibernation  Hex/Ice        #.....       65%         2    ###....
 Confuse                  Hex            #.......     86%         3    ####...
 Dazzling Spray           Conj/Hex       #.....       86%         3    ####...
 Tukima's Dance           Hex            #.......     86%         3    ####...
 Cause Fear               Hex            #.........   99%         4    #####..
 Silence                  Hex/Air        #.........   100%        5    ######.
 Yara's Violent Unravell  Hex/Tmut       #.........   100%        5    ######.
 Deflect Missiles         Chrm/Air       #.........   100%        6    #######
 Discord                  Hex            #.........   100%        8    #######


Dungeon Overview and Level Annotations

Branches:
Dungeon (10/15)            Temple (1/1) D:6            Lair (1/6) D:10
    Orc (0/2) D:9

Altars:
Ashenzari
Cheibriados
Dithmenos
Elyvilon
Fedhas
Gozag
Hepliaklqana
Kikubaaqudgha
Makhleb
Nemelex Xobeh
Okawaru
Qazlal
Ru
Sif Muna
Trog
Uskayaw
Vehumet
Wu Jian
Xom
Yredelemnul
Zin
The Shining One

Shops:
D:4 (   D:8 ((

Annotations:
Lair:1 exclusion: oklob plant


Innate Abilities, Weirdness & Mutations

You are resistant to damage.
You can heal yourself by infusing magical energy.
You passively map the area around you.
You do not regenerate.
You have sharp toenails.
You expend magic power (3 MP) to strengthen your wands.


Message History

The splash of acid hits you!
* * * LOW HITPOINT WARNING * * *
The acid corrodes you!
You are splashed with acid!
The acid burns!
* * * LOW HITPOINT WARNING * * *
You start waiting.
You are no longer corroded.
Really walk into a travel-excluded area?
Firing (i - inventory. (/) - cycle)
n - 141 bolts (quivered)
Press: ? - help, Shift-Dir - straight line, f - oklob plant
Aim: an oklob plant You shoot a damnation bolt.
The damnation bolt hits the oklob plant!
The oklob plant is lightly damaged.
The damnation bolt explodes!
The damnation engulfs the oklob plant.
The oklob plant is heavily damaged.
The oklob plant spits acid at you. The splash of acid hits you!
* * * LOW HITPOINT WARNING * * *
You are splashed with acid!
The acid burns!
You die...

* * #$.P(# #($.(# ## ###
#||?$# ..######.## #)...#
* ..........# ##PP..## ##
, .........## #......#.P##
..(...!..# #..........#*
.........######.@....... *
**
.........##............#**
.........'###.#)........,,
, ...[......#.....#.......
* ....>.....'.....##.....#
##+##.#####......###..##
#....###.....♣...# ..#
#.#.+##..............#*
#........####....... .,


You could see an oklob plant.

Vanquished Creatures
  Urug (D:10)
  Pikel (D:5)
  A cyclops (D:8)
  2 oklob plants (Lair:1)
  A spiny frog (Lair:1)
  A kobold demonologist (D:8)
  2 komodo dragons
  A hippogriff (D:7)
  A shadow (D:8)
  A wyvern (D:5)
  A yak (D:8)
  A hungry ghost (D:8)
  A steam dragon (D:10)
  A basilisk (D:4)
  A swamp worm (D:8)
  Menkaure (D:6)
  2 insubstantial wisps (D:10)
  2 porcupines (Lair:1)
  4 orc warriors
  A black bear (D:10)
  An ice beast (D:9)
  4 sky beasts
  An ogre (D:9)
  6 wolves (Lair:1)
  A centaur (D:5)
  2 big kobolds
  3 bullfrogs
  A jelly (D:8)
  3 scorpions
  5 killer bees
  3 howler monkeys
  2 centaur zombies
  2 orc priests
  2 quasits
  A bullfrog skeleton (D:6)
  3 bullfrog zombies
  5 hounds
  4 orc wizards
  3 iguanas
  Natasha (thrice) (D:4)
  7 worker ants
  A mummy (D:5)
  A hound skeleton (D:5)
  A worker ant zombie (D:6)
  Robin (D:3)
  9 gnolls
  9 adders
  3 shadow imps
  2 oozes (D:1)
  2 adder skeletons
  A worm (D:2)
  4 dart slugs
  4 leopard geckos
  46 orcs
  6 bats
  10 giant cockroaches
  17 goblins
  17 hobgoblins
  15 jackals
  26 kobolds
  5 quokkas
  3 ball pythons
  5 frilled lizards
  A quokka skeleton (D:6)
  A quokka zombie (D:9)
  28 rats
  2 plants (Lair:1)
309 creatures vanquished.

Vanquished Creatures (others)
  A crimson imp (D:5)
  A goblin (D:3)
  5 plants (D:10)
7 creatures vanquished.

Grand Total: 316 creatures vanquished

Notes
Turn   | Place    | Note
-------+----------+-------------------------------------------
     0 | D:1      | erker the Deep Dwarf Fighter began the quest for the Orb.
     0 | D:1      | Reached XP level 1. HP: 20/20 MP: 1/1
   190 | D:1      | Reached XP level 2. HP: 24/27 MP: 2/2
   320 | D:1      | Reached skill level 3 in Axes
   385 | D:1      | Reached XP level 3. HP: 28/33 MP: 3/3
  1063 | D:2      | Found a faded altar of an unknown god.
  1284 | D:3      | Reached XP level 4. HP: 33/42 MP: 4/4
  1305 | D:3      | Reached skill level 4 in Axes
  1319 | D:3      | Noticed Robin
  1330 | D:3      | Killed Robin
  1356 | D:3      | Noticed a hand axe
  1356 | D:3      | Noticed a dagger
  1358 | D:3      | Found a hide-covered altar of Uskayaw.
  1510 | D:3      | Reached XP level 5. HP: 28/49 MP: 4/4
  2267 | D:4      | Reached skill level 5 in Axes
  2296 | D:4      | Reached XP level 6. HP: 28/56 MP: 4/4
  2446 | D:4      | Reached skill level 1 in Evocations
  2579 | D:4      | Noticed a basilisk
  2579 | D:4      | an ogre changed into a basilisk
  2603 | D:4      | Killed a basilisk
  2603 | D:4      | Reached skill level 6 in Axes
  2645 | D:4      | Noticed Natasha
  2653 | D:4      | Killed Natasha
  2653 | D:4      | Reached skill level 1 in Dodging
  2668 | D:4      | Noticed Blork the orc
  2669 | D:4      | Noticed Blork
  2669 | D:4      | Blork the orc changed into Blork the killer bee
  2684 | D:4      | Killed Blork the killer bee
  2715 | D:4      | Noticed Natasha
  2723 | D:4      | Killed Natasha
  2723 | D:4      | Reached XP level 7. HP: 25/62 MP: 6/6
  2943 | D:4      | Found Ymouqy's Weapon Shop.
  3048 | D:4      | Noticed Natasha
  3052 | D:4      | Killed Natasha
  3114 | D:5      | Entered Level 5 of the Dungeon
  3123 | D:5      | Reached skill level 7 in Axes
  3209 | D:5      | Found a bloodstained altar of Trog.
  3239 | D:5      | Gained mutation: You have sharp toenails. [potion of
                  | mutation]
  3239 | D:5      | Gained mutation: You expend magic power (3 MP) to
                  | strengthen your wands. [potion of mutation]
  3379 | D:5      | Found a snail-covered altar of Cheibriados.
  3459 | D:5      | Noticed a wyvern
  3459 | D:5      | an ogre changed into a wyvern
  3470 | D:5      | Killed a wyvern
  3470 | D:5      | Reached skill level 8 in Axes
  3470 | D:5      | Reached XP level 8. HP: 28/72 MP: 5/8
  3590 | D:5      | Found a shimmering altar of Xom.
  3594 | D:5      | Noticed Pikel
  3615 | D:5      | Killed Pikel
  3615 | D:5      | Reached skill level 9 in Axes
  3615 | D:5      | Reached skill level 5 in Shields
  3686 | D:6      | Noticed Menkaure
  3715 | D:6      | Found a staircase to the Ecumenical Temple.
  3722 | Temple   | Entered the Ecumenical Temple
  3810 | Temple   | Became a worshipper of Makhleb the Destroyer
  3924 | D:6      | Killed Menkaure
  3933 | D:6      | Reached skill level 5 in Armour
  3975 | D:6      | Found a glowing silver altar of Zin.
  4097 | D:6      | Found a stormy altar of Qazlal.
  4123 | D:6      | Reached skill level 5 in Evocations
  4318 | D:7      | Noticed a hippogriff
  4322 | D:7      | Gained mutation: You passively map the area around you.
                  | [Deep Dwarf growth]
  4322 | D:7      | Reached XP level 9. HP: 32/78 MP: 10/10
  4324 | D:7      | Reached skill level 1 in Crossbows
  4450 | D:7      | Found a sacrificial altar of Ru.
  4451 | D:7      | Found a shadowy altar of Dithmenos.
  4481 | D:7      | Reached skill level 10 in Axes
  4884 | D:7      | Reached * piety under Makhleb
  4900 | D:7      | Found an iron altar of Okawaru.
  5184 | D:8      | Noticed a cyclops
  5220 | D:8      | Killed a cyclops
  5237 | D:8      | Noticed a two-headed ogre
  5239 | D:8      | a two-headed ogre changed into a swamp worm
  5332 | D:8      | Noticed a kobold demonologist
  5377 | D:8      | Reached skill level 11 in Axes
  5388 | D:8      | Found the +6 arbalest "Damnation" {damnation}
  5388 | D:8      | Got a scintillating lapis lazuli ring
  5465 | D:8      | Noticed a rust devil
  5465 | D:8      | Killed a kobold demonologist
  5465 | D:8      | Reached XP level 10. HP: 57/87 MP: 10/12
  5512 | D:8      | Found Naotaj's Weapon Shop.
  5749 | D:8      | Reached ** piety under Makhleb
  5809 | D:8      | Found Heukomye's Weapon Shop.
  6232 | D:9      | Found a shattered altar of Ashenzari.
  6233 | D:9      | Found an ancient bone altar of Kikubaaqudgha.
  6414 | D:9      | Found an ornate altar of the Wu Jian Council.
  6701 | D:9      | Found a staircase to the Orcish Mines.
  6968 | D:10     | Entered Level 10 of the Dungeon
  7001 | D:10     | Reached skill level 5 in Fighting
  7044 | D:10     | Reached skill level 12 in Axes
  7050 | D:10     | Reached *** piety under Makhleb
  7144 | D:10     | Found a staircase to the Lair.
  7172 | D:10     | Noticed Urug
  7189 | D:10     | Killed Urug
  7620 | Lair:1   | Entered Level 1 of the Lair of Beasts
  7773 | Lair:1   | Noticed an oklob plant
  7777 | Lair:1   | Killed an oklob plant
  7777 | Lair:1   | Reached XP level 11. HP: 46/96 MP: 13/13
  7778 | Lair:1   | Killed an oklob plant
  7811 | Lair:1   | Noticed an oklob plant
  7831 | Lair:1   | Splashed by an oklob plant's acid

Skill      XL: |  1  2  3  4  5  6  7  8  9 10 11 |
---------------+----------------------------------+-----
Axes           | 3 4 5 6 8 9 11 12 | 12.7
Fighting       | 3 4 5 |  5.5
Shields        | 4 5 6 7 |  7.0
Evocations     | 2 3 5 6 7 8 |  8.1
Armour         | 4 5 6 |  6.5
Dodging        | 1 2 3 4 |  4.1
Crossbows      | 1 4 |  4.7

Action                   |  1- 3 |  4- 6 |  7- 9 | 10-12 || total
-------------------------+-------+-------+-------+-------++-------
Melee: War axe           |   149 |   206 |   306 |   171 ||   832
       Kick              |       |       |    93 |    44 ||   137
       Hand axe          |       |       |   125 |       ||   125
 Fire: Hand crossbow     |       |       |    12 |     3 ||    15
       Arbalest          |       |       |       |    15 ||    15
Throw: Tomahawk          |       |       |    15 |     7 ||    22
 Abil: Heal Wounds       |       |     2 |     6 |       ||     8
Evoke: Wand              |       |     2 |     4 |     1 ||     7
  Use: Potion            |       |     3 |     6 |       ||     9
       Scroll            |       |     3 |       |       ||     3
  Eat: Chunk             |     1 |     6 |    11 |     7 ||    25
Armor: Scale mail        |    72 |    45 |       |       ||   117
       Ring mail         |       |    24 |   127 |    55 ||   206
       Skin              |       |     4 |       |       ||     4
Dodge: Dodged            |    49 |    46 |   110 |    87 ||   292
Block: Shield            |    92 |   147 |   238 |       ||   477
       Reflection        |       |     1 |    12 |     1 ||    14
       Other             |       |       |     1 |    22 ||    23
